 Dungeon Crawl Stone Soup version 0.30-a0-322-g102857c98e (webtiles) character file.

Game seed: 12549050820405491460

6594 funkygono the Thaumaturge (level 11, -1/57 HPs)
             Began as a Gargoyle Fire Elementalist on Oct 27, 2022.
             Was a Priest of Vehumet.
             Slain by a vampire (11 damage)
             ... on level 10 of the Dungeon.
             The game lasted 00:24:27 (10631 turns).

funkygono the Thaumaturge (GrFE)                   Turns: 10631, Time: 00:24:27

Health: -1/57      AC: 19    Str: 17    XL:     11   Next: 2%
Magic:  19/25      EV: 12    Int: 30    God:    Vehumet [***...]
Gold:   657        SH:  0    Dex: 14    Spells: 15/30 levels left

rFire   . . .      SeeInvis .    E - +6 shillelagh "Devastator" {shatter}
rCold   . . .      Faith    .    (no shield)
rNeg    + . .      Spirit   .    c - +2 leather armour "Papraon" {Int+9}
rPois   ∞          Reflect  .    o - +2 helmet
rElec   +          Harm     .    D - +0 cloak
rCorr   +          Rampage  .    (no gloves)
Will    .....                    i - +1 pair of boots
Stlth   +.........               (no amulet)
HPRegen 0.29/turn                h - ring of the Garden {rPois rCorr Str+6 Dex+4}
MPRegen 0.19/turn                (no ring)

@: confused
A: sickness immunity, AC +8, negative energy resistance 1, electricity
resistance, torment resistance 1, petrification resistance
a: Renounce Religion


You were on level 10 of the Dungeon.
You worshipped Vehumet.
Vehumet was most pleased with you.
You visited 2 branches of the dungeon, and saw 11 of its levels.
You also visited: Ossuary.

You collected 657 gold pieces.

Inventory:

Hand Weapons
 n - a +1 mace of protection
 z - a +1 whip of freezing
 E - the +6 shillelagh "Devastator" (weapon) {shatter}
   (You found it on level 6 of the Dungeon)

   It releases a powerful concussive burst when it strikes, dealing extra damage
   to the target and all other foes adjacent to them.
Missiles
 q - a throwing net
Armour
 c - the +2 leather armour "Papraon" (worn) {Int+9}
   (You took it off a goblin on level 4 of the Dungeon)

   Int:       It affects your intelligence (+9).
 i - a +1 pair of boots (worn)
 o - a +2 helmet (worn)
 A - a +2 robe of positive energy
 D - a +0 cloak (worn)
Magical Staves
 s - a staff of earth
Jewellery
 h - the ring of the Garden (left hand) {rPois rCorr Str+6 Dex+4}
   (You found it on level 2 of the Dungeon)

   [ring of strength]

   Str:       It affects your strength (+6).
   Dex:       It affects your dexterity (+4).
   rPois:     It protects you from poison.
   rCorr:     It protects you from acid and corrosion.
Wands
 a - a wand of roots (5)
 m - a wand of digging (6)
 F - a wand of flame (21)
 G - a wand of light (4)
Scrolls
 d - a scroll of identify
 g - 2 scrolls of vulnerability
 t - 3 scrolls of fog
 x - a scroll of amnesia
 J - a scroll of teleportation
 N - a scroll of blinking
Potions
 b - 3 potions of magic
 e - 3 potions of attraction
 f - 4 potions of heal wounds
 j - a potion of berserk rage
 k - 4 potions of flight
 l - 6 potions of curing
 p - 2 potions of mutation
 u - a potion of brilliance
 w - a potion of haste
 B - a potion of lignification
 H - a potion of might
 I - a potion of degeneration {unknown}


   Skills:
 + Level 2.2 Fighting
 + Level 2.4 Maces & Flails
 + Level 2.8 Armour
 + Level 2.2 Dodging
 + Level 3.7 Stealth
 * Level 10.0 Spellcasting
 * Level 7.6 Conjurations
 * Level 9.4 Fire Magic


You had 15 spell levels left.
You knew the following spells:

 Your Spells              Type           Power      Damage    Failure   Level
a - Foxfire               Conj/Fire      100%       2x1d9     1%          1
b - Scorch                Fire           100%       2d10      1%          2
c - Kindle Blastsparks    Fire/Tloc/Air  66%        2d15      1%          3
d - Flame Wave            Conj/Fire      60%        2d14      1%          4
e - Kiss of Death         Conj/Necr      100%       2d13      1%          1
f - Sandblast             Erth           30%        2d9       1%          1
g - Ignite Poison         Fire/Tmut/Pois 33%        N/A       1%          3

Your spell library contained the following spells:

 Spells                   Type           Power      Damage    Failure   Level
 Stone Arrow              Conj/Erth      74%        3d11      1%          3
 Inner Flame              Hex/Fire       43%        N/A       1%          3
 Apportation              Tloc           30%        N/A       4%          1
 Ensorcelled Hibernation  Hex/Ice        30%        N/A       6%          2
 Passwall                 Tmut/Erth      12%        N/A       6%          2
 Swiftness                Air            15%        N/A       12%         3
 Alistair's Intoxication  Tmut/Pois      10%        N/A       75%         5


Dungeon Overview and Level Annotations

Branches:
Dungeon (10/15)            Temple (1/1) D:5            Lair (0/5) D:9
Ossuary (visited)
    Orc: D:9-12

Altars:
Ashenzari
Cheibriados
Dithmenos
Elyvilon
Fedhas
Gozag
Hepliaklqana
Kikubaaqudgha
Makhleb
Nemelex Xobeh
Okawaru
Qazlal
Ru
Sif Muna
Trog
Uskayaw
Vehumet
Wu Jian
Xom
Yredelemnul
Zin
The Shining One

Shops:
D:6 ?

Portals:
Trove: D:10 (show slimy rune of Zot)


Innate Abilities, Weirdness & Mutations

You are immune to sickness and miasma.
Your stone body is resilient. (AC +8)
You are immune to poison.
You resist negative energy. (rN+)
You are resistant to electric shocks. (rElec)
You are resistant to unholy torment.
You are immune to petrification.


Message History

Confirm with . or Enter, or press ? or * to list all spells.
You conjure some foxfire!
The foxfire hits something but does no damage. x2
Something hits you but does no damage. Something bites you.
Unknown command.
Casting: Foxfire (safe; 1% risk of failure)
Confirm with . or Enter, or press ? or * to list all spells.
You conjure some foxfire!
The foxfire hits something.
The foxfire hits something but does no damage.
Something hits you. Something bites you but does no damage.
Unknown command.
Casting: Foxfire (safe; 1% risk of failure)
Confirm with . or Enter, or press ? or * to list all spells.
You conjure some foxfire!
The foxfire hits something but does no damage.
The foxfire hits something.
Something hits you. Something bites you.
Unknown command.
Casting: Foxfire (safe; 1% risk of failure)
Confirm with . or Enter, or press ? or * to list all spells.
You conjure some foxfire!
The foxfire hits something but does no damage. x2
You hear some strange, mumbled words.
You are confused.
Unknown command.
You're too confused to cast spells.
Okay, then.
The foxfire hits something.
The foxfire hits something!
There is an open door here.
You completely miss something. Something hits you but does no damage.
Something bites you but does no damage.
You bump into the rock wall.
You hear some strange, mumbled words.
You are more confused.
You hit something. Something hits you but does no damage.
Something bites you but does no damage. Something completely misses you.
Something bites you.
You bump into the rock wall.
Something hits you!
* * * LOW HITPOINT WARNING * * *
Something bites you!
You die...

....#
#.............#
....+
#...........#
....#
#...........#
....#
#...........#
....#
#...........#
....#
#####.#######
##+## #...##
###..#
########@##
..........#
..........#
..........#
..........#
........=.#
...$......#
.......>..#
###########


There were no monsters in sight!

Vanquished Creatures
  Erica (D:8)
  Pikel (D:6)
  Joseph (D:9)
  A komodo dragon (D:10)
  2 kobold demonologists (D:10)
  A troll (D:8)
  A shadow (D:9)
  6 yaks (D:8)
  A wyvern (D:8)
  A wraith (D:9)
  Menkaure (D:4)
  A water moccasin (D:4)
  An ice beast (D:7)
  An orc warrior (D:9)
  3 ogres
  A centaur (D:9)
  An elf zombie (Ossuary)
  4 lemures (D:6)
  2 kobold brigands
  A necrophage (D:5)
  4 bullfrogs
  3 scorpions
  4 wights (D:9)
  6 killer bees (D:9)
  4 howler monkeys
  3 centaur zombies (Ossuary)
  A hound (D:7)
  3 orc priests
  Crazy Yiuf (D:6)
  2 gnoll boudas
  A jelly (D:5)
  4 iguanas
  4 orc wizards
  2 hound zombies (Ossuary)
  4 mummies
  Robin (D:3)
  8 gnolls
  6 adders
  A shadow imp (D:8)
  3 ufetubi
  3 adder zombies (Ossuary)
  5 worms
  19 orcs
  7 bats
  3 endoplasms
  3 giant cockroaches
  14 goblins
  11 hobgoblins
  2 jackals (D:2)
  17 kobolds
  3 quokkas
  10 ball pythons
  4 frilled lizards
  A gnoll zombie (Ossuary)
  6 hobgoblin zombies (Ossuary)
  6 jackal zombies (Ossuary)
  A kobold zombie (Ossuary)
  An orc zombie (Ossuary)
  4 quokka zombies (Ossuary)
  5 rats
  5 rat zombies (Ossuary)
227 creatures vanquished.

Vanquished Creatures (collateral kills)
  2 foxfires
2 creatures vanquished.

Vanquished Creatures (others)
  686 foxfires
  3 fungi (D:9)
  7 plants (D:9)
696 creatures vanquished.

Grand Total: 925 creatures vanquished

Notes
Turn   | Place    | Note
-------+----------+-------------------------------------------
     0 | D:1      | funkygono the Gargoyle Fire Elementalist began the quest
                  | for the Orb.
     0 | D:1      | Reached XP level 1. HP: 10/10 MP: 3/3
   159 | D:1      | Reached XP level 2. HP: 15/15 MP: 0/5
   162 | D:1      | Learned a level 2 spell: Scorch
  1084 | D:2      | Reached XP level 3. HP: 19/19 MP: 3/6
  1088 | D:2      | Learned a level 3 spell: Kindle Blastsparks
  1201 | D:2      | Identified the ring of the Garden {rPois rCorr Str+6 Dex+4}
  2371 | D:3      | Reached XP level 4. HP: 24/24 MP: 3/7
  2562 | D:3      | Noticed Robin
  2590 | D:3      | Killed Robin
  3331 | D:4      | Identified the +12 hand axe "Mearolut" {vorpal, Drain rPois
                  | Str+3 Int+7}
  3396 | D:4      | Reached skill level 3 in Spellcasting
  3568 | D:4      | Reached XP level 5. HP: 28/28 MP: 7/9
  3608 | D:4      | Noticed an ogre
  3647 | D:4      | Killed an ogre
  3885 | D:4      | Reached skill level 4 in Spellcasting
  3885 | D:4      | Reached XP level 6. HP: 32/32 MP: 4/12
  3959 | D:4      | Noticed Menkaure
  3962 | D:4      | Killed Menkaure
  4063 | D:4      | Noticed a water moccasin
  4073 | D:4      | Killed a water moccasin
  4074 | D:4      | Reached XP level 7. HP: 37/37 MP: 6/14
  4134 | D:4      | Found a sacrificial altar of Ru.
  4140 | D:4      | Reached skill level 5 in Fire Magic
  4244 | D:4      | Identified the +2 leather armour "Papraon" {Int+9}
  4275 | D:5      | Entered Level 5 of the Dungeon
  4281 | D:5      | Reached skill level 5 in Spellcasting
  4330 | D:5      | Found a staircase to the Ecumenical Temple.
  4340 | Temple   | Entered the Ecumenical Temple
  4437 | Temple   | Became a worshipper of Vehumet
  5225 | D:5      | Found a broken altar of Ashenzari.
  5245 | D:5      | Reached XP level 8. HP: 42/42 MP: 11/16
  5504 | D:5      | Learned a level 4 spell: Flame Wave
  5626 | D:6      | Found a glowing golden altar of the Shining One.
  5674 | D:6      | Found a sand-covered staircase.
  5683 | Ossuary  | Entered an ossuary
  5744 | Ossuary  | Reached * piety under Vehumet
  5744 | Ossuary  | Offered knowledge of Kiss of Death by Vehumet.
  5750 | Ossuary  | Learned a level 1 spell: Kiss of Death
  6038 | Ossuary  | Offered knowledge of Sandblast by Vehumet.
  6041 | Ossuary  | Learned a level 1 spell: Sandblast
  6146 | Ossuary  | Reached ** piety under Vehumet
  6155 | Ossuary  | Reached skill level 6 in Spellcasting
  6527 | D:6      | Noticed Pikel
  6539 | D:6      | Killed Pikel
  6540 | D:6      | Reached skill level 1 in Armour
  6540 | D:6      | Reached skill level 5 in Conjurations
  6545 | D:6      | Reached XP level 9. HP: 32/46 MP: 1/19
  6668 | D:6      | Reached skill level 7 in Spellcasting
  6797 | D:6      | Found Dyigycy's Magic Scroll Emporium.
  6904 | D:6      | Found a runed translucent door.
  6904 | D:6      | Found the +6 shillelagh "Devastator" {shatter}
  6905 | D:6      | Noticed Crazy Yiuf
  6911 | D:6      | Killed Crazy Yiuf
  7805 | D:7      | Found a bloodstained altar of Trog.
  8014 | D:8      | Noticed Erica
  8025 | D:8      | Killed Erica
  8026 | D:8      | Reached skill level 1 in Fighting
  8026 | D:8      | Reached skill level 1 in Maces & Flails
  8026 | D:8      | Reached skill level 8 in Spellcasting
  8284 | D:8      | Offered knowledge of Ignite Poison by Vehumet.
  8286 | D:8      | Reached XP level 10. HP: 52/52 MP: 12/22
  8503 | D:8      | Reached *** piety under Vehumet
  8783 | D:8      | Learned a level 3 spell: Ignite Poison
  8800 | D:9      | Noticed Joseph
  9048 | D:9      | Reached skill level 9 in Spellcasting
  9302 | D:9      | Found a staircase to the Lair.
  9689 | D:9      | Killed Joseph
  9962 | D:10     | Entered Level 10 of the Dungeon
  9967 | D:10     | Found an ornate altar of the Wu Jian Council.
 10023 | D:10     | Found a portal to a secret trove of treasure.
 10342 | D:10     | Found a shimmering altar of Xom.
 10342 | D:10     | Found a shimmering altar of Xom.
 10342 | D:10     | Found a shimmering altar of Xom.
 10342 | D:10     | Found a shimmering altar of Xom.
 10343 | D:10     | Found a shimmering altar of Xom.
 10347 | D:10     | Offered knowledge of Stone Arrow by Vehumet.
 10348 | D:10     | Noticed a kobold demonologist
 10355 | D:10     | Killed a kobold demonologist
 10417 | D:10     | Noticed a kobold demonologist
 10422 | D:10     | Killed a kobold demonologist
 10423 | D:10     | Reached skill level 10 in Spellcasting
 10423 | D:10     | Reached XP level 11. HP: 57/57 MP: 14/25
 10631 | D:10     | Slain by a vampire

Illustrated notes

Levels and vault maps discovered:
D:1:      shiori_arrival_maze, layout_basic, serial_bayou_lake_a
D:2:      layout_loops_corners, minmay_misc_feat_secret_circle
D:3:      layout_basic, serial_forest, infiniplex_forest_straight_2,
          infiniplex_forest_diagonal, infiniplex_forest_lined_4_way,
          infiniplex_forest_end_1, infiniplex_forest_corner_2,
          infiniplex_forest_zigzag_1, infiniplex_forest_lined_2,
          infiniplex_forest_fountain, infiniplex_forest_clump_C,
          infiniplex_forest_clump_small, uniq_robin
D:4:      layout_basic, nicolae_ru_great_annihilating_truth, uniq_menkaure
D:5:      layout_loops_ring, ashenzari_altar_1, minmay_temple_entry_ruins
D:6:      layout_rooms, mainiacjoe_overflow_six_doors_small, serial_shops,
          nicolae_square_shop, gup_ossuary_entry_pyramid, uniq_pikel,
          uniq_crazy_yiuf_cottage
D:7:      layout_basic, lemuel_coloured_pillars_altar
D:8:      layout_basic, uniq_erica
D:9:      layout_rooms, dpeg_oklobed_lair, amcnicky_mini_pool_small, uniq_joseph
D:10:     layout_roguey, nicolae_overflow_crystal_walls, xom_shifter_show,
          nicolae_trove_entry_crystal
Temple:   eino_temple_scatter_basement

Skill      XL: |  1  2  3  4  5  6  7  8  9 10 |
---------------+-------------------------------+-----
Conjurations   | 2 3 4 5 6 7 |  7.6
Spellcasting   | 3 4 5 6 8 10 | 10.0
Fire Magic     | 4 5 6 8 9 |  9.4
Dodging        | 2 |  2.2
Armour         | 1 2 |  2.8
Stealth        | 3 |  3.7
Fighting       | 1 2 |  2.2
Maces & Flails | 2 |  2.4

Action                   |  1- 3 |  4- 6 |  7- 9 | 10-12 || total
-------------------------+-------+-------+-------+-------++-------
Melee: Unarmed           |     5 |       |       |       ||     5
       Club              |     6 |     3 |       |       ||     9
       Mace              |       |     2 |     8 |       ||    10
       Shillelagh        |       |       |     9 |    30 ||    39
 Cast: Foxfire           |    67 |    45 |   189 |   105 ||   406
       Scorch            |     1 |    13 |    27 |    35 ||    76
       Flame Wave        |       |       |     6 |     6 ||    12
Evoke: Wand              |       |       |       |     1 ||     1
  Use: Scroll            |       |       |    19 |     5 ||    24
       Potion            |       |       |       |     1 ||     1
 Stab: Sleeping          |       |       |     1 |       ||     1
Armor: Robe              |     9 |     8 |     1 |       ||    18
       Leather armour    |       |       |    43 |    56 ||    99
Dodge: Dodged            |    28 |    15 |    41 |    48 ||   132

Table legend: (Time is in decaauts)
 A = Elapsed time spent in this place.
 B = Non-inter-level travel time spent in this place.
 C = Inter-level travel time spent in this place.
 D = Time resting spent in this place.
 E = Time spent auto-exploring this place.
 F = Levels seen in this place.
 G = Mean time per level.
                   A        B        C        D        E       F      G
               +--------+--------+--------+--------+--------+-----+--------+
         Total |  10667 |  10424 |    243 |    732 |   7666 |  12 |  888.9 |
       Dungeon |   9768 |   9545 |    223 |    522 |   7328 |  10 |  976.8 |
        Temple |    197 |    178 |     19 |      0 |    155 |   1 |  197.0 |
       Ossuary |    701 |    701 |      0 |    210 |    183 |   1 |  701.0 |
               +--------+--------+--------+--------+--------+-----+--------+

Top non-repeatable levels by time:
     D:2: 1184 daAuts
     D:4: 1095 daAuts
     D:5: 1062 daAuts
     D:3: 1031 daAuts
     D:9: 1022 daAuts
     D:1: 990 daAuts
     D:8: 947 daAuts
     D:6: 891 daAuts
     D:7: 871 daAuts
 Ossuary: 701 daAuts
    D:10: 671 daAuts
  Temple: 197 daAuts
